 Dungeon Crawl Stone Soup version 0.30.1-4-g462c640d31 (webtiles) character file.

Game seed: 2996454321955829969

303 Cheops the Conjurer (level 6, -5/32 HPs)
             Began as a Deep Elf Conjurer on Aug 26, 2023.
             Slain by Duvessa
             ... wielding a +0 rapier
              (13 damage)
             ... on level 5 of the Dungeon.
             The game lasted 00:11:53 (4765 turns).

Cheops the Conjurer (Deep Elf Conjurer)             Turns: 4765, Time: 00:11:54

Health: -5/32      AC:  4    Str:  4    XL:     6   Next: 15%
Magic:  6/14       EV: 12    Int: 25    God:
Gold:   203        SH:  0    Dex: 13    Spells: 0/13 levels left

rFire   . . .        a - +2 short sword (elec)
rCold   . . .        (no shield)
rNeg    . . .        s - +0 robe
rPois   .            (no helmet)
rElec   .            (no cloak)
rCorr   .            (no gloves)
SInv    .            p - +1 pair of boots
Will    .....        (no amulet)
Stlth   ++           (no ring)
HPRegen 0.25/turn    (no ring)
MPRegen 0.14/turn

%: no passive effects
@: no status effects
A: no striking features
a: no special abilities


You were on level 5 of the Dungeon.
You visited 1 branch of the dungeon, and saw 5 of its levels.

You collected 203 gold pieces.

Inventory:

Hand Weapons
 a - a +2 short sword of electrocution (weapon)
 b - a +1 vampiric dagger
Missiles
 x - a throwing net
Armour
 p - a +1 pair of boots (worn)
 s - a +0 robe (worn)
Magical Staves
 c - a staff of cold
Scrolls
 f - 6 scrolls of teleportation
 i - a scroll of immolation {unknown}
 j - 5 scrolls of identify {unknown}
 k - a scroll of blinking {unknown}
 r - a scroll of fog {unknown}
 u - a scroll of enchant weapon {unknown}
 w - a scroll of magic mapping {unknown}
 y - a scroll of amnesia {unknown}
Potions
 d - a potion of haste {unknown}
 e - 2 potions of curing {unknown}
 g - a potion of might {unknown}
 h - 2 potions of degeneration {unknown}
 l - 3 potions of heal wounds {unknown}
 m - a potion of mutation {unknown}
 n - a potion of invisibility {unknown}
 o - 3 potions of flight {unknown}
 q - a potion of lignification {unknown}
 t - a potion of magic
 v - 2 potions of berserk rage {unknown}
 z - 2 potions of attraction {unknown}
 A - 2 potions of brilliance {unknown}


   Skills:
 - Level 2.4 Dodging
 - Level 2.4 Stealth
 - Level 4.0 Spellcasting
 + Level 6.5 Conjurations
 - Level 5.0 Hexes


You couldn't memorise any spells.
You knew the following spells:

 Your Spells              Type           Power      Damage    Failure   Level
a - Magic Dart            Conj           100%       1d8       1%          1
b - Searing Ray           Conj           74%        2d7       1%          2
d - Dazzling Flash        Conj/Hex       66%        N/A       2%          3
p - Fulminant Prism       Conj/Hex       16%        3d10      9%          4
S - Swiftness             Air            5%         N/A       26%         3

Your spell library contained the following spells:

 Spells                   Type           Power      Damage    Failure   Level
 Ensorcelled Hibernation  Hex/Ice        34%        N/A       4%          2
 Beastly Appendage        Tmut           10%        N/A       9%          1
 Passwall                 Tmut/Erth      4%         N/A       14%         2
 Wereblood                Tmut           5%         N/A       14%         2
 Iskenderun's Mystic Bla  Conj/Tloc      21%        2d6       24%         4
 Spider Form              Tmut/Pois      5%         N/A       26%         3


Dungeon Overview and Level Annotations

Branches:
Dungeon (5/15)
 Temple: D:4-7

Altars:
Dithmenos
Hepliaklqana
Nemelex Xobeh

Shops:
D:2 (

Annotations:
D:5 Duvessa


Message History

Duvessa is moderately wounded.
The searing ray hits the water moccasin.
The water moccasin is heavily wounded.
The searing ray hits Dowan!
Dowan is heavily wounded.
Duvessa hits you with a +0 rapier!
The searing ray hits Duvessa.
Duvessa is moderately wounded.
The searing ray hits the water moccasin.
The water moccasin is severely wounded.
The searing ray misses Dowan.
You finish channelling your searing ray.
Duvessa hits you with a +0 rapier!
* * * LOW HITPOINT WARNING * * *
Casting: Searing Ray (safe; 1% risk of failure)
Confirm with . or Enter, or press ? or * to list all spells.
Aiming: Searing Ray (safe; 1% risk of failure)
Press: ? - help, Shift-Dir - straight line, f/p - Duvessa
Aim: Duvessa, wielding a +0 rapier and wearing a +0 ring mail (moderately wounded, 86% to hit)
The searing ray hits Duvessa.
Duvessa is heavily wounded.
The searing ray hits the water moccasin.
The water moccasin is severely wounded.
The searing ray hits Dowan!
Dowan is almost dead.
The searing ray hits the jelly!
The jelly is heavily wounded. (Press . to maintain the ray.) Duvessa barely misses you.
The searing ray hits Duvessa.
Duvessa is severely wounded.
The searing ray hits the water moccasin!
The water moccasin is almost dead.
The searing ray hits Dowan!
You kill Dowan!
Duvessa screams, "No!
How DARE you!"
Duvessa goes berserk!
The searing ray hits the jelly.
The jelly is severely wounded.
Duvessa hits you with a +0 rapier!
You die...

#.# #.# ...
###### #J#
#..... #)#
#..### #S#
#.#.# #e#
##.##
#######@##
#.# #
.........##
#.# .
#####.#...#
#.# #
##.#..# #.#
##.#.# #.#
###.# #.#
#.# #.# #.#
#.#
##########.#
######.#


You could see Duvessa (berserk), a water moccasin and a jelly.

Vanquished Creatures
  A phantom (D:4)
  Dowan (D:5)
  A hound (D:4)
  A sleepcap (D:4)
  3 gnolls (D:5)
  3 adders
  A worm (D:2)
  2 dart slugs
  13 orcs
  12 ball pythons
  9 endoplasms
  A giant cockroach (D:2)
  7 goblins
  6 hobgoblins
  5 jackals
  7 quokkas
  5 bats
  6 frilled lizards
  4 kobolds
  6 rats
94 creatures vanquished.

Vanquished Creatures (others)
  A hobgoblin (D:1)
  A fulminant prism (D:4)
2 creatures vanquished.

Grand Total: 96 creatures vanquished

Notes
Turn   | Place    | Note
-------+----------+-------------------------------------------
     0 | D:1      | Cheops the Deep Elf Conjurer began the quest for the Orb.
     0 | D:1      | Reached XP level 1. HP: 10/10 MP: 6/6
   208 | D:1      | Found a faded altar of an unknown god.
   276 | D:1      | Reached XP level 2. HP: 15/15 MP: 6/8
   572 | D:1      | Reached skill level 5 in Conjurations
   976 | D:1      | Learned a level 2 spell: Searing Ray
  1186 | D:2      | Reached XP level 3. HP: 19/19 MP: 7/10
  1757 | D:2      | Found Vaaho's Antique Weapon Shop.
  2200 | D:3      | Reached XP level 4. HP: 24/24 MP: 7/12
  2517 | D:3      | Reached skill level 6 in Conjurations
  2705 | D:3      | Found a sparkling altar of Nemelex Xobeh.
  2705 | D:3      | Found a hazy altar of Hepliaklqana.
  2705 | D:3      | Found a shadowy altar of Dithmenos.
  2874 | D:3      | You fall into a shaft and drop 2 floors!
  2874 | D:5      | Entered Level 5 of the Dungeon
  2944 | D:5      | Learned a level 3 spell: Dazzling Flash
  2949 | D:5      | Learned a level 4 spell: Fulminant Prism
  3030 | D:4      | Reached XP level 5. HP: 12/28 MP: 4/13
  3241 | D:4      | Noticed a phantom
  3254 | D:4      | Killed a phantom
  3320 | D:4      | Reached skill level 5 in Hexes
  3865 | D:4      | Reached XP level 6. HP: 32/32 MP: 9/14
  4144 | D:4      | Learned a level 3 spell: Swiftness
  4756 | D:5      | Noticed Duvessa
  4758 | D:5      | Noticed Dowan
  4759 | D:5      | Noticed a water moccasin
  4765 | D:5      | Killed Dowan
  4765 | D:5      | Slain by Duvessa

Illustrated notes

Levels and vault maps discovered:
D:1:      kennysheep_arrival_forest, layout_basic,
          dreamdust_ecumenical_altar_grove, serial_glass, glass_columns_a,
          glass_columns_b, feat_on_display, lemuel_flame_loot_1
D:2:      minmay_recursive_quarters, layout_basic, serial_shops,
          nicolae_shop_overgrown_old_shop, st_stairs_9
D:3:      kb_forest_paths, layout_basic, gammafunk_temple_overflow_claw
D:4:      layout_rooms, minmay_fractal_squares_5
D:5:      layout_loops_ring, nicolae_ru_the_path_less_chosen,
          minmay_temple_entry_junction_2, uniq_duvessa

Skill      XL: |  1  2  3  4  5 |
---------------+----------------+-----
Conjurations   | 5 6 |  6.5
Spellcasting   | 4 |  4.0
Hexes          | 2 5 |  5.0
Dodging        | |  2.4
Stealth        | |  2.4

Action                     |  1- 3 |  4- 6 || total
---------------------------+-------+-------++-------
  Melee: Short sword       |       |     7 ||     7
   Cast: Magic Dart        |    84 |    72 ||   156
         Searing Ray       |       |    14 ||    14
         Fulminant Prism   |       |     1 ||     1
    Use: Scroll            |     1 |       ||     1
   Stab: Sleeping          |       |     1 ||     1
 Armour: Robe              |       |     3 ||     3
  Dodge: Dodged            |     1 |    14 ||    15
